 Dungeon Crawl Stone Soup version 0.22-a0-248-gc8378ba (webtiles) character file.

59 KristoblXynda the Slasher (level 3, -3/29 HPs)
             Began as a Draconian Gladiator on Feb 28, 2018.
             Slain by a gnoll
             ... wielding a +0 halberd
              (10 damage)
             ... on level 2 of the Dungeon.
             The game lasted 00:01:11 (891 turns).

KristoblXynda the Slasher (Draconian Gladiator)      Turns: 891, Time: 00:01:12

Health: -3/29      AC:  5    Str: 16    XL:     3   Next: 78%
Magic:  3/3        EV: 13    Int:  9    God:
Gold:   57         SH:  0    Dex: 12    Spells: 2/2 levels left

rFire    . . .     SeeInvis .   a - +0 long sword
rCold    . . .     Gourm    .   (no shield)
rNeg     . . .     Faith    .   (armour unavailable)
rPois    .         Spirit   .   b - +0 hat
rElec    .         Reflect  .   (no cloak)
rCorr    .         Harm     .   (no gloves)
MR       .....                  (no boots)
Stlth    +.........             (no amulet)
HPRegen  0.09/turn              (no ring)
MPRegen  0.08/turn              (no ring)

@: no status effects
A: unfitting armour, cold-blooded, AC +5
a: no special abilities


You were on level 2 of the Dungeon.
You were not hungry.

You visited 1 branch of the dungeon, and saw 2 of its levels.

You collected 57 gold pieces.

Inventory:

Hand Weapons
 a - a +0 long sword (weapon)
Missiles
 c - 3 throwing nets (quivered)
Armour
 b - a +0 hat (worn)
Jewellery
 l - an uncursed ring of ice {unknown}
Scrolls
 g - 3 scrolls of identify {unknown}
 j - 2 scrolls of enchant armour {unknown}
 m - a scroll of teleportation {unknown}
Potions
 e - 3 potions of curing
 f - a potion of resistance {unknown}
 h - 2 potions of lignification {unknown}
 i - 2 potions of flight {unknown}
 k - a potion of magic {unknown}
Comestibles
 d - 2 rations


   Skills:
 - Level 2.1 Fighting
 * Level 4.1 Long Blades
 - Level 2.0 Throwing
 + Level 3.3 Dodging


You had 2 spell levels left.
You didn't know any spells.

Dungeon Overview and Level Annotations

Branches:
Dungeon (2/15)

Altars:


Innate Abilities, Weirdness & Mutations

Your plain brown scales are hard. (AC +5)
You cannot fit into any form of body armour.
You are cold-blooded and may be slowed by cold attacks.


Message History

You barely miss the gnoll.
The gnoll is heavily wounded.
The gnoll hits you.
You hit the gnoll.
You kill the gnoll!
You hit the hobgoblin.
You kill the hobgoblin!
The gnoll hits you with a flail! The gnoll barely misses you.
Things that are here:
a club; a hobgoblin corpse; a gnoll corpse You barely miss the gnoll.
Your tail-slap misses the gnoll.
The gnoll closely misses you.
You riposte.
You barely miss the gnoll.
The gnoll hits you from afar with a halberd.
* * * LOW HITPOINT WARNING * * *
You hit the gnoll.
The gnoll is moderately wounded.
The gnoll barely misses you.
You riposte.
You hit the gnoll but do no damage.
The gnoll is moderately wounded.
The gnoll hits you from afar with a halberd!
You die...

#..........#
#..........#
#..........#
#..........#
#....)gg...#
######..#### ###..####
#.......######
#....##ggg@..####
##...#######....###
#................#####
###.#...#########......#
...###.# ###.####
#....#.#### #.########
##..##......# #.....##.#
.....b.<....# #####..#.#
.#.#####.#...# ## ##.#.#


You could see 3 gnolls.

Vanquished Creatures
  A gnoll (D:2)
  2 adders (D:2)
  A dart slug (D:2)
  A leopard gecko (D:1)
  2 giant cockroaches (D:2)
  4 goblins
  2 hobgoblins
  2 jackals (D:1)
  4 kobolds
  A quokka (D:2)
  4 bats
  2 frilled lizards
  A rat (D:1)
27 creatures vanquished.

Notes
Turn   | Place    | Note
-------+----------+-------------------------------------------
     0 | D:1      | KristoblXynda the Draconian Gladiator began the quest for the Orb.
     0 | D:1      | Reached XP level 1. HP: 17/17 MP: 1/1
   180 | D:1      | Reached XP level 2. HP: 22/24 MP: 2/2
   700 | D:2      | Reached XP level 3. HP: 24/29 MP: 3/3
   872 | D:2      | Reached skill level 4 in Long Blades
   891 | D:2      | Slain by a gnoll

Vault maps used:
D:1:      sevenhm_arrival_forest_fort_large_3, minivault_14, minmay_crystal_room
D:2:      lemuel_zombie_altar_kikubaaqudgha

Skill      XL: |  1  2  3 |
---------------+----------+-----
Throwing       | 2 |  2.0
Dodging        | 3 |  3.3
Long Blades    | 4 |  4.1
Fighting       | |  2.1

Action                   || total
-------------------------++-------
Melee: Long sword        ||    70
       Tailslap          ||     5
  Use: Potion            ||     1
Armor: Skin              ||    28
Dodge: Dodged            ||    59
       Rpst.: Long sword ||    21

Table legend:
 A = Spawn XP
 B = Non-spawn XP
 C = Spawn XP percentage of total XP
 D = Spawn monster count
 E = Non-spawn monster count
 F = Spawn count percentage of total count
 G = Total turns spent on level
                    A         B        C        D         E        F      G
               +---------+---------+-------+---------+---------+-------+---------
         Total |       0 |      85 |   0.0 |       0 |      27 |   0.0 |   891
               +---------+---------+-------+---------+---------+-------+---------
           D:1 |       0 |      21 |   0.0 |       0 |      12 |   0.0 |   650
           D:2 |       0 |      64 |   0.0 |       0 |      15 |   0.0 |   241
               +---------+---------+-------+---------+---------+-------+---------
